Map: 나이트쉐이드 - 래더

Players

INnoVation - Winner!

  • Race: Terran Terran
  • Spawn Location: 11:00

LiquidClem (Clem)

  • Race: Terran Terran
  • Spawn Location: 5:00

Event: StayAtHomestory Cup #1

VOD

Have the link to the VOD?

Description

Time

  • Played on: April 11, 2020, 5:54 a.m.
  • Length: 12:45

All games in this series

Show
View Real Time Build Order
Export as new Build Order

INnoVation Terran - Winner!

Build Orders: Gas First Reaper Expand 

Get SALT Encoding   

  12  0:00  SCV  
  13  0:13  SCV  
  14  0:17  Supply Depot  
  14  0:25  SCV  
  14  0:27  Refinery  
  15  0:38  SCV  
  16  0:44  Barracks  
  16  0:51  SCV  
  17  1:03  SCV  
  18  1:15  SCV  
  19  1:31  Reaper, Orbital Command  
  20  1:43  Command Center  
  20  1:54  Factory  
  20  1:58  SCV  
  21  2:05  Barracks Reactor  
  21  2:10  SCV  
  21  2:14  Supply Depot  
  22  2:17  Refinery  
  22  2:23  SCV  
  21  2:35  SCV  
  21  2:38  Hellion  
  21  2:41  Marine  
  21  2:42  Marine  
  21  2:43  Starport  
  25  2:47  SCV  
  26  2:55  Supply Depot  
  26  2:59  Marine x2  
  26  3:00  SCV  
  31  3:06  Hellion  
  31  3:16  SCV  
  32  3:20  Orbital Command  
  32  3:22  Medivac  
  32  3:26  Marine  
  35  3:27  Marine  
  35  3:32  Hellion  
  38  3:34  SCV  
  39  3:44  Marine  
  39  3:45  Marine, SCV  
  39  3:47  SCV  
  43  3:53  Starport Tech Lab  
  43  3:54  Factory Tech Lab  
  43  3:59  SCV x2  
  43  4:01  Supply Depot  
  45  4:04  Marine x2  
  45  4:07  Refinery  
  47  4:12  Raven  
  47  4:15  SCV x2  
  51  4:19  Cyclone  
  51  4:23  Supply Depot  
  54  4:27  SCV x2  
  56  4:32  Marine x2  
  57  4:41  SCV x2  
  59  4:49  Marine x2  
  59  4:51  Supply Depot  
  61  4:53  SCV x2  
  61  4:54  Raven  
  59  5:03  Siege Tank  
  59  5:05  SCV x2  
  63  5:10  Command Center  
  63  5:14  Marine x2  
  63  5:20  SCV x2  
  63  5:25  Supply Depot, Refinery  
  63  5:32  SCV x2  
  65  5:35  Siege Tank  
  68  5:44  SCV x2  
  68  5:46  Marine  
  68  5:47  Supply Depot, Stimpack  
  68  5:49  Viking  
  73  5:50  Viking  
  73  5:56  SCV x2  
  77  6:08  SCV  
  77  6:09  SCV, Marine  
  77  6:10  Barracks  
  77  6:11  Barracks  
  80  6:19  Viking x2  
  80  6:21  SCV x2  
  80  6:24  Orbital Command  
  86  6:27  Marine  
  86  6:32  Siege Tank  
  90  6:36  SCV x2  
  90  6:37  Supply Depot  
  92  6:49  Engineering Bay x2  
  92  6:50  Viking x2  
  95  6:56  Marine  
  96  7:03  Barracks Reactor x2  
  96  7:06  Barracks  
  96  7:09  Barracks  
  96  7:12  Siege Tank  
  96  7:14  Marine  
  100  7:18  Terran Infantry Weapons Level 1, Terran Infantry Armor Level 1  
  100  7:26  Combat Shield, SCV  
  100  7:27  SCV x2  
  100  7:40  Marine x4  
  86  7:50  SCV x2  
  86  7:51  SCV  
  71  7:52  Siege Tank  
  72  8:02  Marine x5, SCV x2  
  72  8:03  SCV  
  80  8:13  Medivac x2  
  80  8:14  SCV x2  
  80  8:15  SCV  
  80  8:19  Marine  
  87  8:20  Marine x4  
  87  8:23  Orbital Command  
  87  8:24  Siege Tank  
  87  8:26  SCV x2  
  97  8:40  SCV x2  
  97  8:46  Barracks Tech Lab x2  
  97  8:49  SCV  
  97  8:50  Marine x4, Marauder  
  97  8:52  SCV x2  
  106  8:56  Siege Tank  
  108  9:04  SCV  
  108  9:06  SCV  
  93  9:11  Medivac x2  
  93  9:13  Marine x3, Marauder  
  93  9:14  Marine, Marauder x2  
  103  9:17  SCV x2  
  103  9:18  SCV  
  96  9:29  SCV  
  96  9:30  SCV  
  86  9:31  SCV  
  86  9:34  Marauder  
  86  9:35  Marauder x2  
  86  9:37  Armory  
  93  9:39  Siege Tank  
  96  9:46  SCV  
  96  9:47  SCV x2  
  99  9:55  Marine x3  
  99  9:56  Marine, Marauder x2  
  99  9:57  Marauder  
  109  10:01  Concussive Shells  
  109  10:06  Medivac x2  
  112  10:07  Supply Depot  
  112  10:08  SCV  
  112  10:09  SCV x2  
  112  10:12  Refinery  
  115  10:14  Refinery  
  115  10:20  Marauder  
  117  10:29  Marine x4, Marauder x2  
  117  10:31  Supply Depot  
  117  10:32  Supply Depot  
  117  10:33  Supply Depot  
  125  10:52  Marine x3, SCV x3, Marauder  
  125  10:53  Marine  
  134  11:03  Medivac x2  
  138  11:04  SCV x3  
  141  11:18  Marauder x3  
  147  11:20  Marine  
  147  11:21  Marine  
  147  11:25  Marine, Command Center  
  149  11:27  Marine  
  147  11:39  Barracks  
  147  11:40  Barracks  
  147  11:42  Supply Depot, Barracks  
  147  11:43  Supply Depot, Marauder  
  147  11:44  Supply Depot, Marauder  
  147  11:46  Marine x2  
  149  11:48  Marauder  
  149  11:58  Marine x2  
  149  11:59  SCV  
  149  12:01  SCV, Medivac, Supply Depot x2  
  147  12:02  Medivac  
  147  12:04  SCV  
  150  12:11  Marine x2  
  150  12:12  Marauder x3  
  150  12:15  SCV x2  
  157  12:16  Marine, SCV  
  150  12:30  Barracks Tech Lab x2  
  150  12:33  SCV x2  
Show
View Real Time Build Order
Export as new Build Order

LiquidClem Terran 

Build Orders: Reaper Expand, Mech 

Get SALT Encoding   

  12  0:00  SCV  
  13  0:12  SCV  
  14  0:17  Supply Depot  
  14  0:25  SCV  
  15  0:38  SCV  
  15  0:39  Barracks  
  16  0:44  Refinery  
  16  0:50  SCV  
  17  1:02  SCV  
  18  1:14  SCV  
  19  1:27  Orbital Command, Reaper  
  20  1:41  Command Center  
  20  1:49  Supply Depot  
  20  1:54  SCV  
  20  1:59  Marine  
  22  2:06  SCV  
  23  2:08  Factory  
  23  2:16  Marine  
  23  2:18  SCV  
  23  2:19  Refinery  
  24  2:30  SCV  
  25  2:43  SCV  
  26  2:44  Barracks Reactor  
  26  2:52  Orbital Command  
  26  2:54  Starport, Hellion  
  26  2:57  SCV  
  29  3:09  SCV  
  30  3:15  Factory Tech Lab  
  30  3:19  SCV  
  31  3:21  SCV  
  31  3:23  Marine x2, Refinery  
  34  3:30  Supply Depot  
  34  3:31  SCV  
  34  3:33  SCV  
  36  3:37  Raven  
  36  3:39  Factory Tech Lab  
  36  3:41  Marine x2  
  39  3:43  SCV  
  41  3:49  SCV  
  41  3:51  Supply Depot  
  41  3:55  SCV  
  43  3:58  Marine, Siege Tank  
  43  3:59  Marine  
  43  4:01  SCV  
  49  4:07  SCV  
  50  4:13  SCV  
  50  4:17  Marine  
  50  4:18  Marine  
  50  4:19  SCV  
  50  4:22  Raven  
  55  4:25  SCV  
  55  4:27  Command Center  
  56  4:33  Refinery  
  56  4:41  Marine x2  
  56  4:43  Siege Tank  
  56  4:44  SCV x2  
  57  4:56  SCV  
  57  4:57  SCV  
  57  4:59  Marine x2  
  55  5:07  Supply Depot  
  55  5:08  SCV  
  55  5:12  SCV  
  55  5:13  Raven  
  59  5:17  Marine x2  
  59  5:20  SCV  
  57  5:24  SCV, Siege Tank  
  61  5:30  Supply Depot  
  61  5:32  SCV  
  62  5:37  SCV  
  62  5:39  Orbital Command  
  63  5:44  SCV  
  63  5:46  Barracks Reactor  
  63  5:49  SCV  
  65  5:52  Supply Depot  
  65  5:56  SCV  
  66  6:01  SCV, Siege Tank  
  70  6:07  Orbital Command  
  70  6:08  SCV, Factory  
  70  6:10  Factory  
  71  6:13  SCV, Viking  
  71  6:16  Viking  
  74  6:20  SCV  
  73  6:26  SCV  
  74  6:32  SCV  
  74  6:35  SCV  
  74  6:37  Siege Tank  
  74  6:38  SCV  
  80  6:44  Supply Depot  
  80  6:47  Viking x2  
  80  6:50  SCV x2  
  85  6:58  SCV  
  85  6:59  Supply Depot  
  85  7:02  SCV  
  85  7:04  Siege Tank  
  88  7:14  SCV  
  88  7:18  SCV  
  88  7:22  Hellion x2, Siege Tank  
  94  7:23  SCV  
  94  7:27  SCV  
  94  7:29  Viking  
  98  7:32  Viking  
  98  7:34  SCV  
  82  7:45  Siege Tank  
  82  7:50  Hellion x2  
  74  7:52  SCV x3  
  74  8:00  Refinery x2  
  74  8:01  Siege Tank  
  74  8:04  SCV  
  74  8:05  SCV  
  79  8:08  SCV  
  80  8:14  Viking  
  80  8:17  Viking  
  84  8:20  SCV  
  84  8:21  SCV  
  84  8:24  SCV  
  87  8:31  Hellion x2  
  87  8:32  SCV  
  92  8:34  Siege Tank  
  92  8:38  SCV  
  92  8:39  SCV  
  97  8:42  Siege Tank  
  97  8:44  SCV  
  101  8:51  SCV  
  101  8:53  Hellion x2  
  105  8:56  SCV  
  105  8:57  SCV  
  104  9:07  Siege Tank  
  93  9:10  Viking  
  93  9:13  Viking  
  94  9:17  Hellion x2  
  94  9:18  SCV  
  94  9:20  SCV  
  94  9:21  SCV  
  94  9:23  Siege Tank  
  89  9:30  SCV  
  90  9:34  SCV x2  
  92  9:40  Hellion  
  92  9:42  SCV, Factory x2  
  95  9:46  Siege Tank  
  95  9:49  Hellion  
  100  9:53  Viking  
  100  9:55  Viking  
  104  10:00  Supply Depot  
  104  10:03  SCV x3  
  107  10:11  Hellion, Infernal Pre-Igniter  
  107  10:12  Supply Depot  
  109  10:14  Hellion  
  109  10:16  Hellion  
  109  10:17  Armory  
  109  10:20  Armory  
  109  10:22  SCV x2  
  109  10:24  Siege Tank  
  114  10:30  Factory Reactor, Factory Tech Lab  
  114  10:34  SCV  
  115  10:37  Command Center  
  115  10:41  Engineering Bay  
  115  10:42  Supply Depot  
  115  10:44  Hellion x2  
  115  10:48  Siege Tank  
  122  10:51  Siege Tank  
  125  10:57  Supply Depot  
  125  10:58  Supply Depot  
  125  11:03  Medivac x2, Siege Tank  
  132  11:15  Hellion x2  
  132  11:16  SCV  
  132  11:18  Hellion  
  125  11:20  Siege Tank  
  125  11:22  Hellion  
  125  11:24  Hellion  
  128  11:35  Siege Tank  
  128  11:38  SCV x3, Hellion x2  
  135  11:42  Supply Depot  
  135  11:46  Hellion x2  
  130  11:50  SCV  
  130  11:52  SCV  
  131  11:54  Supply Depot  
  131  11:58  Siege Tank  
  131  12:01  SCV  
  130  12:04  SCV  
Tags
 
Add a new tag
Caveats
  • Supply blocks, unpowered buildings, or Contaminate may cause inaccurate times.
  • Supply counts are checked every 10 seconds.